 Dungeon Crawl Stone Soup version 0.27-a0-819-g058290f16d (webtiles) character file.

Game seed: 479661116385229857

838 HoaS the Thaumaturge (level 7, -4/45 HPs)
             Began as a Djinni Ice Elementalist on Mar 28, 2021.
             Slain by an orc warrior
             ... wielding a +0 flail
              (11 damage)
             ... on level 5 of the Dungeon on Mar 29, 2021.
             The game lasted 00:18:19 (6719 turns).

HoaS the Thaumaturge (Djinni Ice Elementalist)      Turns: 6719, Time: 00:18:20

Health: -4/45      AC:  7    Str:  7    XL:     7   Next: 99%
Gold:   190        EV: 12    Int: 19    God:
                   SH:  0    Dex: 13

rFire    + + .     SeeInvis .   c - +0 dagger
rCold    x . .     Faith    .   (no shield)
rNeg     + . .     Spirit   .   a - +0 robe
rPois    ∞         Reflect  .   (no helmet)
rElec    .         Harm     .   (no cloak)
rCorr    .         Rampage  .   q - +0 pair of gloves
Will     .....                  (boots unavailable)
Stlth    ++........             (no amulet)
HPRegen  0.15/turn              f - +4 ring of protection
MPRegen  0.00/turn              j - ring of positive energy

@: flying
A: fire resistance 2, cold vulnerability 1, float, innate caster, hp casting,
extra vitality 1
a: no special abilities


You were on level 5 of the Dungeon.
You visited 1 branch of the dungeon, and saw 6 of its levels.

You collected 255 gold pieces.
You spent 65 gold pieces at shops.

Inventory:

Hand Weapons
 c - a +0 dagger (weapon)
Armour
 a - a +0 robe (worn)
 q - a +0 pair of gloves (worn)
Jewellery
 f - a +4 ring of protection (left hand)
 h - a ring of resist corrosion
 j - a ring of positive energy (right hand)
Wands
 i - a wand of flame (18)
 k - a wand of polymorph (11)
Potions
 b - a potion of flight {unknown}
 d - a potion of cancellation
 e - 3 potions of curing
 g - a potion of attraction {unknown}
 l - a potion of berserk rage {unknown}
 m - 3 potions of heal wounds
 n - a potion of haste {unknown}
 o - 2 potions of lignification {unknown}
 p - 2 potions of brilliance {unknown}


   Skills:
 - Level 2.1 Dodging
 - Level 1.5 Stealth
 + Level 8.2 Spellcasting


You had one spell level left.
You knew the following spells:

 Your Spells              Type           Power      Damage    Failure   Level
a - Freeze                Ice            100%       1d11      1%          1
b - Frozen Ramparts       Ice            78%        1d9       1%          3
c - Ozocubu's Armour      Ice            39%        N/A       1%          3
d - Hailstorm             Conj/Ice       39%        3d9       3%          4
e - Summon Ice Beast      Ice/Summ       39%        N/A       3%          4
f - Apportation           Tloc           78%        N/A       1%          1
g - Ensorcelled Hibernat  Hex/Ice        78%        N/A       1%          2
h - Static Discharge      Conj/Air       39%        N/A       1%          3
Your spell library was empty.

Dungeon Overview and Level Annotations

Branches:
Dungeon (6/15)
 Temple: D:4-7

Altars:
Fedhas
Gozag
Kikubaaqudgha
Nemelex Xobeh
Uskayaw

Shops:
D:3 *   D:4 !

Annotations:
D:2 Sigmund
D:4 Pikel


Innate Abilities, Weirdness & Mutations

You are immune to poison.
Your flesh is very heat resistant. (rF++)
You are vulnerable to cold. (rC-)
You float through the air rather than walking.
You learn spells naturally, not from books.
Your magical power is your life essence.
You have superior vitality. (+4 HP)


Message History

Your ice beast freezes the hound!
The hound dies!
You now have 190 gold pieces (gained 12).
You swap places.
Your ice beast disappears in a puff of smoke!
An adder comes into view.
You see here 11 gold pieces.
An adder is nearby!
A necrophage comes into view.
Your ice beast disappears in a puff of smoke!
The helpless adder fails to defend itself.
You hit the adder.
The adder is heavily wounded.
The adder misses you.
An orc warrior comes into view. It is wielding a +0 flail.
You freeze the adder!
You kill the adder!
The orc warrior shouts!
You hear a shout!
An orc comes into view. It is wielding a +0 short sword.
An orc comes into view. It is wielding a +0 club.
The orc shouts!
An orc wizard comes into view. It is wielding a +0 dagger.
The orc warrior hits you with a +0 flail!
An orc comes into view. It is wielding a +0 glaive.
The orc warrior barely misses you.
The orc warrior hits you with a +0 flail!
There is a stone staircase leading up here.
The orc warrior hits you with a +0 flail!
* * * LOW HITPOINT WARNING * * *
You fly upwards.
There is a stone staircase leading down here.
You aren't carrying any scrolls.
Casting: Freeze (safe; 1% risk of failure)
Confirm with . or Enter, or press ? or * to list all spells.
Casting: Frozen Ramparts (safe; 1% risk of failure)
Press: ? - help, Dir - look around, f - activate A stone staircase leading down.
Okay, then.
The orc warrior hits you with a +0 flail!
You die...

........#############.#
#....#...
..<.....#..........##.#
#....#...
....)...#.########.##.#
#....'... #########.#
#.##.# ##...#... #
#######.# #.##.#
###..... # #.....#.#
#.##.# #....# #
#.....#.# #..(.# #....#
# #.....#.########..###
###### #
#.....#.......@...# ###
###............o...##
#..
..+.................##
#..
###...............#..#
#..
#...............##)#
#..
######........####.####
#.. ########.#.......#
#####.. #.#.......#
#......
#.#.......###......


You could see an orc warrior.

Vanquished Creatures
  2 sky beasts (D:5)
  An ogre (D:5)
  A centaur (D:5)
  A lemure (D:3)
  An orc priest (D:4)
  A hound (D:5)
  Jessica (D:4)
  An iguana (D:4)
  A hound skeleton (D:5)
  3 gnolls (D:3)
  A howler monkey skeleton (D:5)
  11 adders
  A shadow imp (D:5)
  An ufetubus (D:5)
  A worm (D:3)
  8 orcs
  6 ball pythons
  6 bats
  9 endoplasms
  4 giant cockroaches
  7 goblins
  4 hobgoblins (D:1)
  10 jackals
  4 kobolds
  A quokka (D:1)
  2 frilled lizards
  10 rats
99 creatures vanquished.

Vanquished Creatures (collateral kills)
  An ogre (D:5)
  A water moccasin skeleton (D:5)
  A hound (D:6)
  A bullfrog skeleton (D:6)
  An endoplasm (D:1)
5 creatures vanquished.

Grand Total: 104 creatures vanquished

Notes
Turn   | Place    | Note
-------+----------+-------------------------------------------
     0 | D:1      | HoaS the Djinni Ice Elementalist began the quest for the
                  | Orb.
     0 | D:1      | Reached XP level 1. HP: 15/15 MP: 0/0
    90 | D:1      | Reached XP level 2. HP: 16/21 MP: 0/0
   149 | D:1      | Reached skill level 4 in Spellcasting
   765 | D:1      | Reached XP level 3. HP: 11/25 MP: 0/0
   765 | D:1      | Learned a level 1 spell: Apportation
  1413 | D:2      | Found an opulent altar of Gozag.
  1413 | D:2      | Found a sparkling altar of Nemelex Xobeh.
  1593 | D:2      | Reached XP level 4. HP: 26/31 MP: 0/0
  1642 | D:2      | Noticed Sigmund
  1762 | D:2      | Found a blossoming altar of Fedhas.
  2346 | D:3      | Reached skill level 5 in Spellcasting
  3058 | D:3      | Reached XP level 5. HP: 33/35 MP: 0/0
  3058 | D:3      | Learned a level 2 spell: Ensorcelled Hibernation
  3240 | D:3      | Found Yssuc's General Store.
  3366 | D:4      | Noticed Pikel
  3366 | D:4      | Noticed a lemure
  3366 | D:4      | Noticed a lemure
  3366 | D:4      | Noticed a lemure
  3369 | D:4      | Noticed a lemure
  4090 | D:4      | Found a sparkling altar of Nemelex Xobeh.
  4090 | D:4      | Noticed Jessica
  4106 | D:4      | Killed Jessica
  4107 | D:4      | Reached skill level 6 in Spellcasting
  4107 | D:4      | Reached XP level 6. HP: 17/40 MP: 0/0
  4624 | D:4      | Found Haeczuco's Distillery.
  4647 | D:4      | Bought a potion of heal wounds for 65 gold pieces
  4830 | D:4      | Found a blossoming altar of Fedhas.
  4986 | D:5      | Entered Level 5 of the Dungeon
  5201 | D:5      | Upgraded the game from 0.27-a0-808-g60bc5d92e6 to
                  | 0.27-a0-819-g058290f16d
  5621 | D:5      | Found a hide-covered altar of Uskayaw.
  5920 | D:5      | Reached XP level 7. HP: 43/45 MP: 0/0
  5920 | D:5      | Learned a level 3 spell: Static Discharge
  5928 | D:5      | Reached skill level 7 in Spellcasting
  6513 | D:5      | Reached skill level 8 in Spellcasting
  6719 | D:5      | Slain by an orc warrior

Illustrated notes

Levels and vault maps discovered:
D:1:      minmay_arrival_diagonal_passages, layout_rooms
D:2:      layout_loops_ring, grunt_temple_overflow_opulence,
          nicolae_overflow_crystal_walls, fedhas_altar_1, uniq_sigmund
D:3:      layout_basic, serial_shops, shop, kennysheep_generic_room_7
D:4:      layout_basic, general_overflow_altar, serial_shops, shop,
          serial_curves, eino_curves_04, eino_curves_02, eino_curves_04,
          eino_curves_02, nemelex_lonely_heart_becter, uniq_pikel
D:5:      layout_basic, nicolae_uskayaw_murder_on_the_dancefloor
D:6:      layout_basic, uniq_grinder

Skill      XL: |  1  2  3  4  5  6  7 |
---------------+----------------------+-----
Spellcasting   | 4 5 6 8 |  8.2
Dodging        | |  2.1
Stealth        | |  1.5

Action                   |  1- 3 |  4- 6 |  7- 9 || total
-------------------------+-------+-------+-------++-------
Melee: Dagger            |    12 |    30 |    17 ||    59
 Cast: Freeze            |    55 |    98 |    23 ||   176
       Ensorcelled Hiber |       |     5 |       ||     5
       Frozen Ramparts   |       |     2 |     2 ||     4
       Summon Ice Beast  |       |     1 |     2 ||     3
       Ozocubu's Armour  |       |     1 |       ||     1
  Use: Scroll            |     4 |     2 |     1 ||     7
 Stab: Sleeping          |     2 |     2 |     1 ||     5
Armor: Robe              |    10 |    24 |    12 ||    46
Dodge: Dodged            |    42 |    54 |    33 ||   129

Table legend: (Time is in decaauts)
 A = Elapsed time spent in this place.
 B = Non-inter-level travel time spent in this place.
 C = Inter-level travel time spent in this place.
 D = Time resting spent in this place.
 E = Time spent auto-exploring this place.
 F = Levels seen in this place.
 G = Mean time per level.
                   A        B        C        D        E       F      G
               +--------+--------+--------+--------+--------+-----+--------+
         Total |   6722 |   6514 |    208 |   2864 |   2745 |   6 | 1120.3 |
       Dungeon |   6722 |   6514 |    208 |   2864 |   2745 |   6 | 1120.3 |
               +--------+--------+--------+--------+--------+-----+--------+

Top non-repeatable levels by time:
     D:5: 1615 daAuts
     D:3: 1609 daAuts
     D:1: 1241 daAuts
     D:4: 1151 daAuts
     D:2: 987 daAuts
     D:6: 117 daAuts
